 Dungeon Crawl Stone Soup version 0.29.1-2-gbd0b4ee654 (webtiles) character file.

Game seed: 3045274014157371192

9607 scameronde the Carver (level 11, 0/84 HPs)
             Began as a Human Berserker on Oct 27, 2022.
             Was an Elder of Trog.
             Slain by a troll (2 damage)
             ... on level 10 of the Dungeon.
             The game lasted 02:06:24 (12912 turns).

scameronde the Carver (Human Berserker)            Turns: 12912, Time: 02:06:24

Health: 0/84       AC: 25    Str: 16    XL:     11   Next: 77%
Magic:  0/11       EV:  6    Int:  8    God:    Trog [****..]
Gold:   1174       SH:  0    Dex: 15    Spells: 10/10 levels left

rFire   + . .      SeeInvis +   a - +4 triple sword of Nauf {vorpal, rElec rF+ Str-3}
rCold   . . .      Faith    .   (shield currently unavailable)
rNeg    . . .      Spirit   +   I - +3 plate armour {rPois}
rPois   +          Reflect  .   f - +2 helmet
rElec   +          Harm     .   (no cloak)
rCorr   .          Rampage  .   x - +0 pair of gloves
Will    .....                   (no boots)
Stlth   ..........              w - amulet of guardian spirit
HPRegen 0.24/turn               g - ring of see invisible
MPRegen 0.12/turn               n - ring "Favvamiah" {AC+4 Slay+2}

@: about to teleport, on berserk cooldown, slowed, very slow
A: no striking features
a: Renounce Religion, Berserk, Trog's Hand, Brothers in Arms


You were on level 10 of the Dungeon.
You worshipped Trog.
Trog was greatly pleased with you.
You visited 2 branches of the dungeon, and saw 11 of its levels.

You collected 1628 gold pieces.
You spent 454 gold pieces at shops.

Inventory:

Hand Weapons
 a - the +4 triple sword of Nauf (weapon) {vorpal, rElec rF+ Str-3}
   (You acquired it on level 5 of the Dungeon)

   It inflicts extra damage upon your enemies.
   Str:       It affects your strength (-3).
   rF:        It protects you from fire.
   rElec:     It insulates you from electricity.
 b - a +0 arbalest
 e - a +5 vorpal flail
Missiles
 m - 4 boomerangs (quivered)
 p - 10 poisoned darts
 r - 42 stones
 v - 3 javelins
 z - 2 throwing nets
Armour
 f - a +2 helmet (worn)
 k - a +1 chain mail
 x - a +0 pair of gloves (worn)
 A - an orb of wrath
 I - a +3 plate armour of poison resistance (worn)
Jewellery
 g - a ring of see invisible (left hand)
 n - the ring "Favvamiah" (right hand) {AC+4 Slay+2}
   (You acquired it on level 5 of the Dungeon)

   [ring of protection]

   AC:        It affects your AC (+4).
   Slay:      It affects your accuracy & damage with ranged weapons and melee
   (+2).
 o - a +4 ring of protection
 s - a ring of protection from fire
 w - an amulet of guardian spirit (around neck)
 C - an amulet of regeneration
 E - an amulet of the acrobat
 F - a ring of flight
 H - the ring "Zidul" {*Slow rC++ Will+ rCorr Int+2}
   (You found it on level 9 of the Dungeon)

   [ring of resist corrosion]

   Int:       It affects your intelligence (+2).
   rC:        It greatly protects you from cold.
   rCorr:     It protects you from acid and corrosion.
   *Slow:     It may slow you when you take damage.
   Will:      It increases your willpower.
Wands
 y - a wand of paralysis (1)
 D - a wand of light (4)
Scrolls
 c - 2 scrolls of fear
 d - 4 scrolls of blinking
 h - 2 scrolls of fog
 l - 2 scrolls of summoning
 q - 3 scrolls of teleportation
 J - 2 scrolls of silence
Potions
 i - 4 potions of curing
 j - 3 potions of lignification
 t - 3 potions of might
 u - a potion of ambrosia {unknown}
 G - a potion of invisibility {unknown}
 K - a potion of degeneration {unknown}


   Skills:
 + Level 7.1 Fighting
 + Level 10.1 Long Blades
 + Level 8.3 Maces & Flails
 + Level 1.0 Ranged Weapons
 + Level 6.2 Throwing
 + Level 7.4 Armour
 + Level 3.8 Dodging
 + Level 2.4 Stealth


You had 10 spell levels left.
You didn't know any spells.
Your spell library was empty.

Dungeon Overview and Level Annotations

Branches:
Dungeon (10/15)            Temple (1/1) D:7             Orc (0/2) D:10
   Lair: D:8-11

Altars:
Ashenzari
Cheibriados
Dithmenos
Elyvilon
Fedhas
Gozag
Hepliaklqana
Kikubaaqudgha
Makhleb
Nemelex Xobeh
Okawaru
Qazlal
Ru
Sif Muna
Trog
Uskayaw
Vehumet
Wu Jian
Xom
Yredelemnul
Zin
The Shining One

Shops:
D:7 (   D:10 *([

Portals:
Trove: D:10 (give 17 scrolls of teleportation)


Message History

The sun demon hits you but does no damage.
You slice the sun demon!!
The sun demon is almost dead.
The sun demon hits you!
You are engulfed in flames!
You resist.
The shadow imp hits you but does no damage.
The sun demon hits you but does no damage.
A red film seems to cover your vision as you go berserk!
You feel yourself moving faster!
You feel mighty! The sun demon hits you.
You are engulfed in flames!
You resist.
You barely miss the sun demon.
The sun demon is almost dead.
The sun demon disappears in a puff of smoke!
The two-headed ogre hits you with a +0 giant spiked club!
The two-headed ogre barely misses you.
You slash the troll!
The troll is moderately wounded.
The troll bites you but does no damage. The troll claws you but does no damage.
The troll claws you.
The two-headed ogre hits you with a +0 giant spiked club.
The two-headed ogre hits you with a +0 giant spiked club!
You feel a strong urge to attack something.
You feel your anger nearly subside.
You are no longer berserk.
You are exhausted.
You feel yourself slow down.
You feel much better.
You barely miss the troll.
The troll is moderately wounded.
The troll bites you! The troll completely misses you. The troll claws you.
The troll bites you but does no damage. The troll claws you! x2
The troll barely misses you.
The troll claws you but does no damage. x2
As you read the scroll of teleportation, it crumbles to dust.
You feel strangely unstable.
The two-headed ogre hits you with a +0 giant spiked club!
* * * LOW HITPOINT WARNING * * *
The two-headed ogre hits you with a +0 giant spiked club!
* * * LOW HITPOINT WARNING * * *
The troll bites you!
* * * LOW HITPOINT WARNING * * *
The troll claws you.
You die...

....8..Y.
#.#........#......
......Y..
#.#........#......
.....#...
#.###+######......
.....#...
#............#####
..####
+######......).....
......
..................
......
...................
......
........O....>.....#+###
......
.......@TO..............
#####.
##########..............
.......................
....##T#..............
.####O)#..............
###..5OK#..............
#.....5g#.#######......
#.....#..#.#.....#......
#...###..#.#.....+......


You could see 2 two-headed ogres and a troll.

Vanquished Creatures
  A two-headed ogre (D:9)
  A deep elf pyromancer (D:9)
  An ugly thing (D:9)
  Maurice (D:8)
  A tengu conjurer (D:9)
  A troll (D:9)
  22 yaks
  2 wyverns
  A shadow (D:10)
  Eustachio (D:5)
  Menkaure (D:6)
  A black bear (D:7)
  5 ice beasts
  2 sky beasts
  An orc warrior (D:9)
  A centaur (D:10)
  A phantom (D:5)
  A kobold brigand (D:6)
  A bullfrog (D:6)
  5 necrophages
  5 scorpions
  10 wights
  12 killer bees
  A howler monkey (D:7)
  2 jellies (D:4)
  7 hounds
  5 orc priests
  Crazy Yiuf (D:2)
  5 iguanas
  5 orc wizards
  3 gnolls (D:7)
  10 adders
  A shadow imp (D:3)
  2 ufetubi
  3 worms
  4 dart slugs
  36 orcs
  5 endoplasms
  4 goblins
  8 hobgoblins
  4 jackals
  6 quokkas
  10 ball pythons
  11 bats
  2 frilled lizards
  6 kobolds
  4 rats
223 creatures vanquished.

Vanquished Creatures (others)
  8 fungi (D:3)
8 creatures vanquished.

Grand Total: 231 creatures vanquished

Notes
Turn   | Place    | Note
-------+----------+-------------------------------------------
     0 | D:1      | scameronde the Human Berserker began the quest for the Orb.
     0 | D:1      | Reached XP level 1. HP: 18/18 MP: 1/1
   191 | D:1      | Reached XP level 2. HP: 24/24 MP: 2/2
   980 | D:1      | Reached XP level 3. HP: 22/29 MP: 3/3
  2067 | D:2      | Found a faded altar of an unknown god.
  2435 | D:2      | Reached XP level 4. HP: 33/36 MP: 4/4
  2682 | D:2      | Found a runed translucent door.
  2683 | D:2      | Noticed Crazy Yiuf
  2690 | D:2      | Killed Crazy Yiuf
  3047 | D:2      | Identified a scroll of acquirement
  3047 | D:2      | Acquired a +2 vorpal flail
  3245 | D:2      | Reached XP level 5. HP: 42/42 MP: 5/5
  3316 | D:2      | Reached ** piety under Trog
  3707 | D:3      | Reached skill level 1 in Throwing
  3837 | D:3      | Found a glowing golden altar of the Shining One.
  4248 | D:3      | Reached skill level 1 in Stealth
  4248 | D:3      | Reached XP level 6. HP: 45/48 MP: 6/6
  4596 | D:3      | Found a broken altar of Ashenzari.
  4749 | D:4      | Found a radiant altar of Vehumet.
  4915 | D:4      | Found a hazy altar of Hepliaklqana.
  5009 | D:4      | Reached skill level 5 in Maces & Flails
  5318 | D:5      | Entered Level 5 of the Dungeon
  5338 | D:5      | Reached XP level 7. HP: 54/54 MP: 7/7
  5363 | D:5      | Found a blossoming altar of Fedhas.
  5650 | D:5      | Reached XP level 8. HP: 61/61 MP: 8/8
  5652 | D:5      | Identified the +2 ring mail of the Pink Corner {rF- rC+++
                  | Int+7 Dex-3}
  5692 | D:5      | Acquired the ring "Favvamiah" {AC+4 Slay+2}
  5695 | D:5      | Acquired the +4 triple sword of Nauf {vorpal, rElec rF+
                  | Str-3}
  5697 | D:5      | Acquired 1038 gold pieces
  6014 | D:5      | Found a hide-covered altar of Uskayaw.
  6018 | D:5      | Reached skill level 5 in Fighting
  6019 | D:5      | Reached *** piety under Trog
  6019 | D:5      | Noticed Eustachio
  6028 | D:5      | Killed Eustachio
  6525 | D:5      | Found a snail-covered altar of Cheibriados.
  6717 | D:6      | Reached XP level 9. HP: 57/68 MP: 9/9
  6874 | D:6      | Reached skill level 5 in Armour
  6916 | D:6      | Reached skill level 5 in Throwing
  6917 | D:6      | Noticed Menkaure
  6929 | D:6      | Killed Menkaure
  7399 | D:6      | Found an opulent altar of Gozag.
  7477 | D:6      | Found an ornate altar of the Wu Jian Council.
  7813 | D:7      | Reached skill level 1 in Long Blades
  7903 | D:7      | Reached skill level 2 in Long Blades
  7980 | D:7      | Found a staircase to the Ecumenical Temple.
  8285 | D:7      | Found Wolemnen's Weapon Shop.
  8294 | D:7      | Bought a +0 arbalest for 58 gold pieces
  8383 | Temple   | Entered the Ecumenical Temple
  8493 | D:8      | Reached skill level 3 in Long Blades
  8497 | D:8      | Reached XP level 10. HP: 30/76 MP: 4/10
  8505 | D:8      | Reached skill level 4 in Long Blades
  8774 | D:8      | Reached skill level 5 in Long Blades
  9293 | D:8      | Reached skill level 6 in Long Blades
  9515 | D:8      | Reached **** piety under Trog
 10460 | D:8      | Noticed Maurice
 10460 | D:8      | Paralysed by Maurice for 5 turns
 10478 | D:8      | Killed Maurice
 10654 | D:9      | Found an iron altar of Okawaru.
 10969 | D:9      | Reached skill level 7 in Long Blades
 11226 | D:9      | Noticed a cyan ugly thing
 11229 | D:9      | Noticed a two-headed ogre
 11243 | D:9      | Killed a two-headed ogre
 11244 | D:9      | Reached XP level 11. HP: 69/81 MP: 7/11
 11256 | D:9      | Killed a cyan ugly thing
 11257 | D:9      | Reached skill level 8 in Long Blades
 11488 | D:9      | Identified the ring "Zidul" {*Slow rC++ Will+ rCorr Int+2}
 11497 | D:9      | Noticed a deep elf pyromancer
 11508 | D:9      | Killed a deep elf pyromancer
 11509 | D:9      | Reached skill level 1 in Ranged Weapons
 11875 | D:10     | Entered Level 10 of the Dungeon
 11875 | D:10     | Found Aret's Weapon Shop.
 11900 | D:10     | Found Voidgh's Assorted Antiques.
 11923 | D:10     | Bought a scroll of enchant weapon for 165 gold pieces
 11923 | D:10     | Bought a scroll of enchant armour for 165 gold pieces
 11923 | D:10     | Bought a scroll of teleportation for 66 gold pieces
 12114 | D:10     | Reached skill level 9 in Long Blades
 12269 | D:10     | Found a staircase to the Orcish Mines.
 12391 | D:10     | Reached skill level 10 in Long Blades
 12621 | D:10     | Found Omput's Armour Boutique.
 12708 | D:10     | Found Ged Xosa's General Store.
 12806 | D:10     | Found a portal to a secret trove of treasure.
 12882 | D:10     | Noticed a two-headed ogre
 12883 | D:10     | Noticed a two-headed ogre
 12897 | D:10     | Noticed a sun demon
 12912 | D:10     | HP: 2/84 [troll (10)]
 12912 | D:10     | Slain by a troll

Illustrated notes

Levels and vault maps discovered:
D:1:      erik_arrival_cave_to_civilisation [erik_arrival_cave_to_hall],
          layout_loops_corners, nrook_uturn
D:2:      layout_loops_corners, nicolae_ecumenical_pavilion,
          minmay_tree_intersection, chequers_serial_rivers_micro_b,
          uniq_crazy_yiuf_cottage
D:3:      layout_loops_ring, mainiacjoe_overflow_cross_hatched,
          mainiacjoe_overflow_alcove_2, minmay_misc_feat_enclosed,
          minmay_misc_feat_pillars, st_stairs_10, nicolae_hexahallways
D:4:      layout_layer_cave, mainiacjoe_overflow_paths, vehumet_crystals,
          dk_noncrumbling_3, minmay_misc_feat_columns
D:5:      layout_loops_ring, amcnicky_altar_gilded, chei_slow_surprise,
          nicolae_uskayaw_dance_hall, minmay_joined_circles, uniq_eustachio
D:6:      layout_basic, kennysheep_mini_moat, nzn_wu_jian_council_hall,
          grunt_decor_resistance, eino_small_chamber_without_monster,
          uniq_menkaure
D:7:      layout_basic, minmay_temple_entry_mist, reono_crystal_passage,
          nicolae_water_bricks, minmay_shop_grid_forest
D:8:      layout_basic, st_stairs_3, uniq_maurice
D:9:      layout_long_grid, old_standard_altar, minmay_diamond_spiral
D:10:     minmay_quarter_circles, layout_irregular_city, lair_entry_dummy,
          david_orc_2, serial_shops, nicolae_shop_window_shopping,
          nicolae_shop_advertising_works [nicolae_subvault_shop_adworks],
          nicolae_shop_trees, nicolae_stop_n_shop_1, nicolae_shop_stone,
          enter_trove_0
Temple:   nicolae_temple_x_marks_the_god

Skill      XL: |  1  2  3  4  5  6  7  8  9 10 11 |
---------------+----------------------------------+-----
Maces & Flails | 4 5 7 8 |  8.3
Throwing       | 1 2 3 4 5 6 |  6.2
Fighting       | 4 5 6 7 |  7.1
Stealth        | 1 2 |  2.4
Armour         | 3 4 5 7 |  7.4
Dodging        | 3 |  3.8
Long Blades    | 3 7 10 | 10.1
Ranged Weapons | 1 |  1.0

Action                   |  1- 3 |  4- 6 |  7- 9 | 10-12 || total
-------------------------+-------+-------+-------+-------++-------
Melee: Mace              |    82 |    26 |       |       ||   108
       Flail             |       |   101 |   124 |       ||   225
       Punch             |       |     2 |       |       ||     2
       Triple sword      |       |       |    45 |   230 ||   275
 Fire: Arbalest          |       |       |       |     5 ||     5
Throw: Stone             |    11 |    42 |    15 |     4 ||    72
       Throwing net      |     1 |       |       |       ||     1
       Boomerang         |       |    28 |    22 |    37 ||    87
       Javelin           |       |       |    32 |    10 ||    42
Invok: Berserk           |       |     5 |     8 |     5 ||    18
       Trog's Hand       |       |       |     1 |       ||     1
Evoke: Wand              |       |       |       |     1 ||     1
  Use: Potion            |     2 |     1 |       |     2 ||     5
       Scroll            |     3 |     8 |     9 |     8 ||    28
 Stab: Sleeping          |     2 |       |       |       ||     2
       Distracted        |       |       |       |     1 ||     1
Armor: Animal skin       |     7 |       |       |       ||     7
       Leather armour    |     3 |     7 |       |       ||    10
       Chain mail        |       |    31 |   121 |   205 ||   357
       Scale mail        |       |    14 |       |       ||    14
       Plate armour      |       |       |       |    80 ||    80
Dodge: Dodged            |    54 |    73 |    68 |   151 ||   346
